Map: Dusk Towers

Players

Jpocalypse - Winner!

  • Race: Zerg Zerg
  • League: Platinum

LilDicky

  • Race: Zerg Zerg
  • League: Diamond

VOD

http://www.twitch.tv/tumescentpie

Description

Time

  • Played on: Dec. 15, 2015, 8:13 p.m.
  • Length: 3:47
Show
View Real Time Build Order
Export as new Build Order

Jpocalypse Zerg - Winner!

Build Orders: Pool Only 

Get SALT Encoding   

  12  0:02  Drone  
  13  0:13  Overlord  
  13  0:18  Drone  
  14  0:23  Extractor  
  14  0:24  Drone  
  15  0:31  Drone  
  16  0:38  Drone  
  17  0:49  Spawning Pool  
  16  0:51  Drone  
  16  0:56  Extractor  
  16  0:58  Drone  
  17  1:08  Drone  
  18  1:21  Drone  
  19  1:30  Overlord  
  19  1:40  Queen  
  19  1:41  Zergling x2  
  19  1:42  Spine Crawler  
  21  1:54  Zergling x2  
  21  2:00  Metabolic Boost  
  22  2:02  Drone  
  23  2:11  Spine Crawler  
  23  2:12  Zergling x2  
  23  2:16  Queen  
  25  2:25  Drone  
  26  2:34  Drone  
  27  2:40  Roach Warren  
  26  2:44  Extractor  
  25  2:52  Zergling x2  
  25  2:58  Zergling x2  
  27  3:09  Drone  
  27  3:10  Drone x2  
Show
View Real Time Build Order
Export as new Build Order

LilDicky Zerg 

Build Orders: Pool Only 

Get SALT Encoding   

  12  0:02  Drone  
  13  0:08  Drone  
  14  0:18  Extractor  
  13  0:30  Spawning Pool  
  12  0:37  Drone  
  12  0:38  Drone  
  14  0:48  Overlord  
  14  1:16  Queen  
  16  1:19  Zergling x2  
  16  1:20  Zergling x4  
  16  1:25  Metabolic Boost  
  19  1:37  Overlord  
  19  1:48  Zergling x2  
  20  1:54  Zergling x2  
  21  2:05  Baneling Nest, Zergling x2  
  18  2:25  Zergling x4  
  18  2:29  Zergling x2  
  21  2:33  Zergling x2  
  21  2:34  Zergling x2  
  23  2:38  Zergling x2  
  23  2:53  Baneling x3  
  23  2:54  Baneling  
  23  2:55  Zergling x2  
  24  3:08  Zergling x8  
Tags
 
Add a new tag
Caveats
  • Supply blocks, unpowered buildings, or Contaminate may cause inaccurate times.
  • Supply counts are checked every 10 seconds.